 Dungeon Crawl Stone Soup version 0.18.1-47-g9310371 (webtiles) character file.

71 sveltemanboy the Chucker (level 4, -8/45 HPs)
             Began as an Ogre Hunter on June 19, 2016.
             Killed by nerve-wracking pain
             ... invoked by an orc priest
              (9 damage)
             ... on level 3 of the Dungeon.
             The game lasted 00:05:30 (1578 turns).

sveltemanboy the Chucker (Ogre Hunter)              Turns: 1578, Time: 00:05:31

Health: -8/45      AC:  4    Str: 16    XL:     4   Next: 24%
Magic:  4/4        EV: 15    Int: 10    God:
Gold:   58         SH:  0    Dex: 15    Spells: 0 memorised, 3 levels left

rFire  + . .     SeeInvis .     e - +0 mace
rCold  . . .     Gourm    .     b - +0 robe
rNeg   . . .     Faith    .     (no shield)
rPois  .         Spirit   .     (helmet restricted)
rElec  .         Dismiss  .     (no cloak)
rCorr  .         Reflect  .     (gloves unavailable)
SustAt .         Harm     .     (boots unavailable)
MR     .....                    (no amulet)
Stlth  +++.......               (no ring)
                                s - ring of protection from fire

@: agile, flying, very slightly contaminated, hasted, very quick, not resistant
to hostile enchantments, fairly stealthy
A: unfitting armour, antennae 1, icy blue scales 1, tough skin 1, weak 1
a: no special abilities


You were on level 3 of the Dungeon.
You were not hungry.

You visited 1 branch of the dungeon, and saw 3 of its levels.

You collected 58 gold pieces.

Inventory:

Hand Weapons
 e - a +0 mace (weapon)
Missiles
 c - 5 large rocks
 d - 2 throwing nets
 j - 97 stones (quivered)
Armour
 b - a +0 robe (worn)
 m - a +0 large shield
Jewellery
 s - a ring of protection from fire (left hand)
Scrolls
 g - a scroll of identify {unknown}
 k - 2 scrolls of magic mapping {unknown}
 l - a scroll of noise {unknown}
 q - 2 scrolls of fear {unknown}
 r - a scroll of immolation {unknown}
Potions
 a - 2 potions of agility
Comestibles
 f - 3 bread rations
 h - a meat ration
 o - 2 chunks of flesh


   Skills:
 - Level 3.1 Fighting
 * Level 3.4 Maces & Flails
 - Level 4.0 Throwing
 + Level 0.8 Armour
 - Level 1.8 Dodging
 - Level 0.7 Stealth
 * Level 1.0 Shields


You had 3 spell levels left.
You didn't know any spells.

Dungeon Overview and Level Annotations

Branches:
Dungeon (3/15)

Altars:
Elyvilon
Kikubaaqudgha
Pakellas


Innate Abilities, Weirdness & Mutations

You are too large for most types of armour.
You have tough skin (AC +1).
You have a pair of small antennae on your head.
You are partially covered in icy blue scales (AC +1).
You are weak. (Str -2)


Message History

You hit the orc priest.
The orc priest is lightly wounded.
The orc wizard mumbles some strange words.
The orc wizard blinks!
You hit the orc priest.
The orc priest is moderately wounded.
The orc priest calls down the wrath of Beogh upon you.
Beogh smites you!
* * * LOW HITPOINT WARNING * * *
You are too injured to fight recklessly!
You are too injured to fight recklessly!
Drink which item? (? for menu, Esc to quit)
Okay, then.
Read which item? (? for menu, Esc to quit)
Okay, then.
You hit the orc priest but do no damage.
The orc priest is moderately wounded.
The orc priest invokes the aid of Beogh against you.
Pain shoots through your body!
You die...

............###.#
#....#.#####.#.##
#....#.# ##.##
.......# #.#
.......# #.#
###..### #.# ...#
#.#### ###.#
#....# ##+##
####@# ##...##
#o# #.....## .ยง.
.......## o#(##
........# ..#.#
........+ .. .(#
........# #.. #(#
.......# ## #(#
#.....##


You could see an orc priest and an orc wizard.

Vanquished Creatures
  An adder (D:2)
  4 worms
  A dart slug (D:1)
  3 giant geckos
  2 orcs (D:3)
  A ball python (D:2)
  4 giant cockroaches
  A hobgoblin (D:3)
  5 kobolds
  3 quokkas (D:2)
  5 bats
  2 giant newts
  6 goblins
  2 rats (D:1)
40 creatures vanquished.

Notes
Turn   | Place    | Note
--------------------------------------------------------------
     0 | D:1      | sveltemanboy the Ogre Hunter began the quest for the Orb.
     0 | D:1      | Reached XP level 1. HP: 22/22 MP: 1/1
   184 | D:1      | Reached skill level 1 in Maces & Flails
   219 | D:1      | Reached XP level 2. HP: 29/29 MP: 2/2
   595 | D:2      | Reached XP level 3. HP: 15/37 MP: 3/3
   840 | D:2      | Found a faded altar to an unknown god.
   875 | D:2      | Found a white marble altar of Elyvilon.
  1300 | D:2      | Found an ancient bone altar of Kikubaaqudgha.
  1301 | D:2      | Found an oddly glowing altar of Pakellas.
  1436 | D:3      | Reached XP level 4. HP: 45/45 MP: 4/4
  1504 | D:3      | Reached skill level 1 in Shields
  1562 | D:3      | Gained mutation: You have a pair of small antennae on your head. [potion of mutation]
  1562 | D:3      | Gained mutation: You are partially covered in icy blue scales (AC +1). [potion of mutation]
  1562 | D:3      | Gained mutation: You are weak. (Str -2) [potion of mutation]
  1577 | D:3      | HP: 1/45 [orc priest/divine providence (13)]
  1578 | D:3      | Killed from afar by an orc priest

Skill      XL: |  1  2  3  4 |
---------------+-------------+-----
Maces & Flails | 1 2 3 |  3.4
Fighting       | 3 |  3.1
Shields        | 1 |  1.0
Throwing       | |  4.0
Armour         | |  0.8
Dodging        | |  1.8
Stealth        | |  0.7

Action                   |  1- 3 |  4- 6 || total
-------------------------+-------+-------++-------
Melee: Mace              |    58 |    26 ||    84
       Unarmed           |     4 |       ||     4
Throw: Stone             |    42 |    13 ||    55
       Large rock        |    10 |     4 ||    14
       Throwing net      |     1 |       ||     1
  Use: Potion            |       |     5 ||     5
 Stab: Sleeping          |     2 |       ||     2
       Held in net/web   |     1 |       ||     1
  Eat: Chunk             |     2 |       ||     2
Armor: Robe              |    29 |       ||    29
Dodge: Dodged            |    43 |    16 ||    59
